 Dungeon Crawl Stone Soup version 0.27.1-34-g3ba077fa99 (webtiles) character file.

Game seed: 165485202946176759

218 Gabide the Poker (level 6, -2/72 HPs)
             Began as a Human Monk on Jan 7, 2022.
             Succumbed to a kobold's poison
             ... in a sewer.
             The game lasted 00:03:56 (2846 turns).

Gabide the Poker (Human Monk)                       Turns: 2846, Time: 00:03:57

Health: -2/72      AC:  4    Str: 12    XL:     6   Next: 17%
Magic:  6/6        EV: 13    Int: 10    God:
Gold:   200        SH:  0    Dex: 17    Spells: 5/5 levels left

rFire    . . .     SeeInvis .   d - +0 trident
rCold    . . .     Faith    .   (no shield)
rNeg     . . .     Spirit   .   b - +0 robe
rPois    +         Reflect  .   (no helmet)
rElec    .         Harm     .   (no cloak)
rCorr    .         Rampage  .   k - +1 pair of gloves
Will     .....                  (no boots)
Stlth    ..........             (no amulet)
HPRegen  0.22/turn              h - ring of poison resistance
MPRegen  0.10/turn              (no ring)

@: berserking (expiring), lethally poisoned (-2 -> -23), very quick
A: no striking features
a: no special abilities


You were in a sewer.
You visited 1 branch of the dungeon, and saw 3 of its levels.
You also visited: Sewer.

You collected 200 gold pieces.

Inventory:

Hand Weapons
 d - a +0 trident (weapon)
Armour
 b - a +0 robe (worn)
 k - a +1 pair of gloves (worn)
Jewellery
 h - a ring of poison resistance (left hand)
Wands
 l - a wand of acid (3)
Scrolls
 c - a scroll of teleportation
 j - a scroll of fear
Potions
 a - a potion of attraction {unknown}
 g - 2 potions of haste


   Skills:
 * Level 4.0 Fighting
 * Level 5.1 Polearms
 * Level 3.8 Dodging
 + Level 2.2 Stealth


You had 5 spell levels left.
You didn't know any spells.
Your spell library contained the following spells:

 Spells                   Type           Power      Damage    Failure   Level
 Stone Arrow              Conj/Erth      0%         3d7       75%         3
 Bolt of Magma            Conj/Fire/Erth 0%         4d4       100%        5
 Shatter                  Erth           0%         3d5*      100%        9


Dungeon Overview and Level Annotations

Branches:
Dungeon (3/15)              Sewer (1/1)

Altars:


Message History

You puncture the kobold brigand!
The kobold brigand is heavily wounded.
You feel sick.
The kobold hits you with a +3 short sword of venom.
The kobold brigand closely misses you.
The kobold brigand throws a poisoned dart.
The poisoned dart hits you!
Press: ? - help, v - describe, . - travel
Here: a kobold, wielding a +3 short sword of venom and quivering stones The floor, spattered with blood.
Unknown command.
Unknown command.
You barely miss the kobold.
You feel sick.
You hit the kobold but do no damage.
You feel sick.
The kobold brigand completely misses you.
You hit the kobold but do no damage.
You feel sick. The kobold completely misses you. The kobold misses you.
The kobold brigand hits you with a +0 short sword.
* * * LOW HITPOINT WARNING * * *
You closely miss the kobold.
You feel sick.
The kobold hits you with a +3 short sword of venom.
* * * LOW HITPOINT WARNING * * *
You are lethally poisoned!
The kobold closely misses you.
The kobold brigand hits you with a +0 short sword.
* * * LOW HITPOINT WARNING * * *
The kobold brigand closely misses you.
You are too berserk!
You barely miss the kobold.
* * * LOW HITPOINT WARNING * * *
You feel very sick. The kobold hits you with a +0 whip.
* * * LOW HITPOINT WARNING * * *
The kobold hits you with a +3 short sword of venom.
* * * LOW HITPOINT WARNING * * *
You are more poisoned.
Unknown command.
You puncture the kobold!
You kill the kobold!
You die...

..#..#≈≈≈≈≈≈*!!#!!*
.....#≈≈≈≈≈≈*!...!*
#...##≈≈≈≈≈≈##...##
.....#≈≈≈≈≈≈*.....*
..)).#≈≈≈≈≈≈*,...,*
##'###≈≈≈≈≈≈###'##*
#..≈≈≈≈≈≈≈≈≈≈≈..K#
...≈≈≈≈≈≈≈≈≈≈≈.KK#
....≈≈≈≈≈≈≈≈.≈.)@#
...≈≈≈≈≈≈≈≈.≈..K.#
...≈≈≈≈≈≈≈≈.....##
....≈≈≈≈≈≈≈#....#
....≈≈≈≈≈≈≈##..##
.....≈≈≈≈≈≈##..#
.....≈≈≈≈≈##...#
#...≈≈≈≈≈≈#....##
#...≈≈≈≈≈≈≈..†..##


You could see 2 kobold brigands and 2 kobolds.

Vanquished Creatures
  A kobold brigand (Sewer)
  3 adders
  4 river rats (Sewer)
  A dart slug (D:2)
  2 orcs (D:3)
  6 endoplasms
  6 giant cockroaches
  3 goblins
  6 hobgoblins
  10 kobolds
  4 quokkas
  7 ball pythons
  6 bats
  4 frilled lizards
  22 rats
85 creatures vanquished.

Notes
Turn   | Place    | Note
-------+----------+-------------------------------------------
     0 | D:1      | Gabide the Human Monk began the quest for the Orb.
     0 | D:1      | Reached XP level 1. HP: 18/18 MP: 1/1
   151 | D:1      | Found a faded altar of an unknown god.
   311 | D:1      | Reached XP level 2. HP: 19/24 MP: 2/2
   566 | D:1      | Reached XP level 3. HP: 24/29 MP: 3/3
  1214 | D:2      | Reached XP level 4. HP: 27/35 MP: 4/4
  1419 | D:2      | Reached skill level 4 in Polearms
  1773 | D:3      | Found a glowing drain.
  1789 | Sewer    | Entered a sewer
  2012 | Sewer    | Reached XP level 5. HP: 31/41 MP: 5/5
  2098 | Sewer    | Noticed a kobold brigand
  2112 | Sewer    | Killed a kobold brigand
  2234 | Sewer    | Reached skill level 5 in Polearms
  2234 | Sewer    | Reached XP level 6. HP: 15/48 MP: 6/6
  2246 | Sewer    | HP: 2/48 [rat (2)]
  2845 | Sewer    | HP: 1/72 [kobold (3)]
  2846 | Sewer    | Succumbed to a kobold's poison

Illustrated notes

Levels and vault maps discovered:
D:1:      dpeg_arrival_pits, layout_basic, basic_ecumenical_altar,
          minmay_small_reverse_x
D:2:      layout_rooms, minmay_misc_feat_roman
D:3:      layout_rooms, portal_sewer_entry_f
Sewer:    sewer_minmay_treatment

Skill      XL: |  1  2  3  4  5  6 |
---------------+-------------------+-----
Polearms       | 4 5 |  5.1
Fighting       | 4 |  4.0
Dodging        | |  3.8
Stealth        | |  2.2

Action                   |  1- 3 |  4- 6 || total
-------------------------+-------+-------++-------
Melee: Spear             |   127 |       ||   127
       Trident           |    17 |   166 ||   183
  Use: Scroll            |     3 |     4 ||     7
       Potion            |       |     5 ||     5
 Stab: Sleeping          |     4 |     1 ||     5
Armor: Robe              |    18 |    58 ||    76
Dodge: Dodged            |    83 |   147 ||   230
